 Seeded DCSS version 0.30.1-9-gdf580d7c3d (webtiles) character file.

Game seed: 6351066067085065685 (custom seed)

21 Esekla the Magician (level 2, 0/15 HPs)
             Began as a Deep Elf Wanderer on Sept 25, 2023.
             Was an Initiate of Vehumet.
             Frozen to death by an endoplasm (5 damage)
             ... on level 1 of the Dungeon.
             The game lasted 00:11:27 (1020 turns).

Esekla the Magician (Deep Elf Wanderer)             Turns: 1020, Time: 00:11:27

Health: 0/15       AC:  4    Str: 11    XL:     2   Next: 62%
Magic:  9/9        EV: 11    Int: 17    God:    Vehumet [......]
Gold:   132        SH:  4    Dex: 11    Spells: 8/10 levels left

rFire   . . .        a - +1 short sword (freeze)
rCold   . . .        d - +0 buckler
rNeg    . . .        c - +0 robe
rPois   .            k - +0 helmet
rElec   .            (no cloak)
rCorr   .            j - +0 pair of gloves
SInv    .            (no boots)
Will    .....        (no amulet)
Stlth   ++           (no ring)
HPRegen 0.22/turn    (no ring)
MPRegen 0.11/turn

%: no passive effects
@: no status effects
A: no striking features
a: Renounce Religion


You were on level 1 of the Dungeon.
You worshipped Vehumet.
Vehumet was noncommittal.
You visited 1 branch of the dungeon, and saw 4 of its levels.

You collected 132 gold pieces.

Inventory:

Hand Weapons
 a - a +1 short sword of freezing (weapon)
 s - the +5 rapier of the Hero {heavy, rN+ Dex+3}
   (You found it on level 3 of the Dungeon)

   Dex:       It affects your dexterity (+3).
   rN:        It protects you from negative energy.
Armour
 c - a +0 robe (worn)
 d - a +0 buckler (worn)
 j - a +0 pair of gloves (worn)
 k - a +0 helmet (worn)
Wands
 p - a wand of roots (9)
Scrolls
 g - a scroll of identify {unknown}
 m - a scroll of enchant armour {unknown}
 n - a scroll of amnesia {unknown}
 o - a scroll of immolation {unknown}
Potions
 b - a potion of lignification
 e - a potion of ambrosia {unknown}
 f - 2 potions of attraction {unknown}
 h - a potion of heal wounds {unknown}
 i - 2 potions of curing {unknown}
 l - a potion of mutation {unknown}


   Skills:
 * Level 1.4 Dodging
 + Level 1.2 Stealth
 + Level 1.6 Shields
 * Level 4.9 Spellcasting
 + Level 0.1 Conjurations
 * Level 0.2 Necromancy
 + Level 2.4 Translocations
 + Level 1.0 Invocations


You had 8 spell levels left.
You knew the following spells:

 Your Spells              Type           Power      Damage    Failure   Level
a - Magic Dart            Conj           16%        1d3       21%         1
p - Apportation           Tloc           24%        N/A       8%          1

Your spell library contained the following spells:

 Spells                   Type           Power      Damage    Failure   Level
 Blink                    Tloc           24%        N/A       12%         2
 Lesser Beckoning         Tloc           24%        N/A       12%         2
 Vampiric Draining        Necr           5%         2d6       50%         3
 Ignite Poison            Fire/Tmut/Pois 4%         N/A       54%         3


Dungeon Overview and Level Annotations

Branches:
Dungeon (4/15)
 Temple: D:4-7

Altars:
Okawaru
Vehumet
Zin

Shops:
D:2 =


Message History

Vehumet accepts your kill. The bat hits you but does no damage.
You hit the bat. You freeze the bat.
The bat is severely wounded.
The bat completely misses you. The bat closely misses you.
You miss the bat.
The bat is heavily wounded.
The bat hits you but does no damage.
You closely miss the bat.
The bat is heavily wounded.
The bat hits you but does no damage.
You miss the bat.
The bat is heavily wounded.
You block the bat's attack. The bat hits you.
You miss the bat.
The bat is heavily wounded.
The bat hits you but does no damage. The bat barely misses you.
You hit the bat. You freeze the bat.
You kill the bat!
Vehumet accepts your kill.
You barely miss the ball python. The ball python barely misses you.
The ball python misses you. You block the ball python's attack.
The ball python grabs you. The ball python constricts you.
You closely miss the ball python. The ball python bites you.
The ball python constricts you.
You hit the ball python. You freeze the ball python.
You kill the ball python!
Vehumet accepts your kill. The endoplasm barely misses you.
You hit the endoplasm. You freeze the endoplasm.
The endoplasm is moderately wounded.
The endoplasm freezes you.
You are frozen.
* * * LOW HITPOINT WARNING * * *
You hit the endoplasm but do no damage.
The endoplasm is moderately wounded.
The endoplasm jiggles.
The endoplasm freezes you.
You are frozen.
You die...

#####..####
#.........#
#.........#
#.........#
####+###.####.####
#........ #.####
###......# #....#
.....##..########..#
.......#...lJ@......##
..........#.##########
..#.###......##
.....#.#....J#########
.......#.......#.....#
#.S.#....##.......#
#.[.....####...>.#
##...............#
#.#.....###.....#


You could see an endoplasm and a frilled lizard.

Vanquished Creatures
  5 ball pythons
  An endoplasm (D:3)
  3 goblins
  2 hobgoblins (D:3)
  4 bats
  A frilled lizard (D:3)
  3 kobolds
19 creatures vanquished.

Notes
Turn   | Place    | Note
-------+----------+-------------------------------------------
     0 | D:1      | Esekla the Deep Elf Wanderer began the quest for the Orb.
     0 | D:1      | Esekla set off with the following items: a +0 club, a
                  | potion of lignification, a +0 robe, a +0 buckler; and the
                  | following spells available to memorise: Apportation, Blink,
                  | Lesser Beckoning, Magic Dart, Ignite Poison, Vampiric
                  | Draining.
     0 | D:1      | Reached XP level 1. HP: 10/10 MP: 7/7
     2 | D:1      | Learned a level 1 spell: Magic Dart
     4 | D:1      | Learned a level 1 spell: Apportation
   316 | D:4      | Found a radiant altar of Vehumet.
   324 | D:4      | Found an iron altar of Okawaru.
   335 | D:4      | Found a glowing silver altar of Zin.
   418 | D:4      | Became a worshipper of Vehumet
   525 | D:3      | Reached skill level 1 in Dodging
   624 | D:3      | Reached XP level 2. HP: 15/15 MP: 3/9
   831 | D:3      | Identified the +5 rapier of the Hero {heavy, rN+ Dex+3}
                  | (You found it on level 3 of the Dungeon)
   882 | D:2      | Found Renulab's Jewellery Shop.
   965 | D:2      | Noticed a black bear
  1020 | D:1      | Frozen to death by an endoplasm

Illustrated notes

Levels and vault maps discovered:
D:1:      sevenhm_arrival_forest_fort_small_3, layout_rooms,
          chequers_serial_rivers_room_b, minmay_misc_feat_five
D:2:      layout_loops_ring, dreamdust_ecumenical_altar_angels_and_demons,
          serial_shops, shop
D:3:      layout_basic, grunt_temple_overflow_open, minmay_misc_feat_iff
D:4:      layout_basic, nicolae_overflow_quartered_altars, serial_shops,
          nicolae_diamond_shop

Skill      XL: |  1 |
---------------+----+-----
Dodging        | 1 |  1.4
Stealth        | |  1.2
Shields        | |  1.6
Spellcasting   | |  4.9
Conjurations   | |  0.1
Necromancy     | |  0.2
Translocations | |  2.4
Invocations    | |  1.0

Action                     || total
---------------------------++-------
  Melee: Short sword       ||    41
   Cast: Magic Dart        ||    18
         Apportation       ||    15
    Use: Scroll            ||     1
   Stab: Sleeping          ||     1
 Armour: Robe              ||    24
  Dodge: Dodged            ||    61
  Block: Buckler           ||    17
